 Dungeon Crawl Stone Soup version 0.21-a0-15-g606531c (webtiles) character file.

95 nalnalital the Skirmisher (level 4, -1/40 HPs)
             Began as a Draconian Berserker on May 23, 2017.
             Was a Believer of Trog.
             Killed from afar by Ijyb (8 damage)
             ... with a wand of flame (?/48)
             ... on level 3 of the Dungeon.
             The game lasted 00:17:52 (1447 turns).

nalnalital the Skirmisher (Draconian Berserker)     Turns: 1447, Time: 00:17:53

Health: -1/40      AC:  5    Str: 20    XL:     4   Next: 40%
Magic:  4/4        EV: 13    Int: 11    God:    Trog [**....]
Gold:   34         SH:  0    Dex: 10    Spells: 3/3 levels left

rFire    . . .     SeeInvis .   a - +1 hand axe
rCold    . . .     Gourm    .   (no shield)
rNeg     . . .     Faith    .   (armour unavailable)
rPois    .         Spirit   .   (helmet restricted)
rElec    .         Reflect  .   (no cloak)
rCorr    .         Harm     .   (no gloves)
MR       .....                  (no boots)
Stlth    +.........             (no amulet)
Regen    0.2/turn               (no ring)
MPRegen  0.1/turn               i - +3 ring of intelligence

@: no status effects
A: unfitting armour, cold-blooded, AC +5
a: Berserk, Trog's Hand, Burn Spellbooks, Renounce Religion


You were on level 3 of the Dungeon.
You worshipped Trog.
Trog was pleased with you.
You were not hungry.

You visited 1 branch of the dungeon, and saw 3 of its levels.

You collected 34 gold pieces.

Inventory:

Hand Weapons
 a - a +1 hand axe (weapon)
 e - a +0 dagger
 n - a +0 short sword
Jewellery
 i - a +3 ring of intelligence (right hand)
Scrolls
 c - a scroll of remove curse
 j - 2 scrolls of teleportation
Potions
 d - 4 potions of curing
 f - a potion of cancellation
Comestibles
 b - 2 bread rations
 h - 2 meat rations
 m - a royal jelly


   Skills:
 + Level 4.1 Fighting
 + Level 3.9 Axes
 + Level 3.5 Dodging


You had 3 spell levels left.
You didn't know any spells.

Dungeon Overview and Level Annotations

Branches:
Dungeon (3/15)

Altars:
Nemelex Xobeh
Qazlal

Annotations:
D:3 Ijyb


Innate Abilities, Weirdness & Mutations

Your plain brown scales are hard. (AC +5)
You cannot fit into any form of body armour.
You are cold-blooded and may be slowed by cold attacks.


Message History

You hit Ijyb.
Ijyb is moderately wounded.
Ijyb closely misses you.
You hit Ijyb.
Ijyb is heavily wounded.
Ijyb zaps a wand.
The puff of flame hits you! Ijyb misses you.
You closely miss Ijyb.
Ijyb is heavily wounded.
Ijyb hits you but does no damage.
You miss Ijyb.
Ijyb is heavily wounded.
Ijyb hits you but does no damage.
You hit Ijyb.
Ijyb is heavily wounded.
Ijyb zaps a wand.
The puff of flame hits you!
* * * LOW HITPOINT WARNING * * *
You barely miss Ijyb.
Ijyb is heavily wounded.
Ijyb zaps a wand.
The puff of flame hits you!
You die...

# #.####
#.#.#...
.....# #
#..####.... #
#..@g...#
#.##.###.....
#.....# ...
#..#..# .
####..# #..#
#..# #(.#
#..#


You could see Ijyb.

Vanquished Creatures
  A quasit (D:3)
  A gnoll (D:1)
  2 adders (D:2)
  2 dart slugs
  4 goblins
  4 hobgoblins (D:1)
  4 jackals (D:1)
  2 quokkas (D:2)
  A ball python (D:2)
  2 bats
  4 frilled lizards (D:1)
  4 kobolds
  4 rats
35 creatures vanquished.

Notes
Turn   | Place    | Note
-------+----------+-------------------------------------------
     0 | D:1      | nalnalital the Draconian Berserker began the quest for the Orb.
     0 | D:1      | Reached XP level 1. HP: 19/19 MP: 1/1
     0 | D:1      | Noticed a minotaur skeleton
   214 | D:1      | Reached XP level 2. HP: 26/26 MP: 2/2
   419 | D:1      | Reached XP level 3. HP: 33/33 MP: 3/3
   748 | D:2      | Reached skill level 4 in Fighting
   908 | D:2      | Reached ** piety under Trog
   930 | D:2      | Found a stormy altar of Qazlal.
   930 | D:2      | Found a sparkling altar of Nemelex Xobeh.
  1412 | D:3      | Reached XP level 4. HP: 28/40 MP: 4/4
  1436 | D:3      | Noticed Ijyb
  1447 | D:3      | Killed from afar by Ijyb

Vault maps used:
D:1:      shiori_arrival_whats_in_store_for_you, item_on_display_b
D:2:      gammafunk_temple_overflow_elements, st_stairs_8
D:3:      kennysheep_cluttered_room, uniq_ijyb

Skill      XL: |  1  2  3 |
---------------+----------+-----
Dodging        | 3 |  3.5
Fighting       | 4 |  4.1
Axes           | |  3.9

Action                   |  1- 3 |  4- 6 || total
-------------------------+-------+-------++-------
Melee: Hand axe          |   106 |    11 ||   117
       Tailslap          |    12 |     1 ||    13
  Use: Potion            |     1 |       ||     1
       Scroll            |     6 |       ||     6
 Stab: Sleeping          |     1 |       ||     1
  Eat: Royal jelly       |     1 |       ||     1
Armor: Skin              |    43 |     3 ||    46
Dodge: Dodged            |    83 |     3 ||    86
